 Dungeon Crawl Stone Soup version 0.28.0-53-g5a82cb258f (webtiles) character file.

Game seed: 4685083582210230689

711 funkygono the Covered (level 7, -4/61 HPs)
             Began as a Minotaur Fighter on June 29, 2022.
             Slain by Menkaure (11 damage)
             ... on level 5 of the Dungeon.
             The game lasted 00:08:40 (4520 turns).

funkygono the Covered (Minotaur Fighter)            Turns: 4520, Time: 00:08:41

Health: -4/61      AC: 11    Str: 32    XL:     7   Next: 40%
Magic:  6/6        EV:  7    Int:  5    God:
Gold:   155        SH: 10    Dex: 10    Spells: 6/6 levels left

rFire   . . .      SeeInvis .   a - +0 long sword
rCold   + . .      Faith    .   e - +2 kite shield of Polish {Str+4}
rNeg    . . .      Spirit   .   m - +0 chain mail
rPois   .          Reflect  .   (helmet restricted)
rElec   .          Harm     .   i - +0 cloak
rCorr   .          Rampage  .   (no gloves)
Will    .....                   (no boots)
Stlth   ..........              (no amulet)
HPRegen 0.20/turn               j - +6 ring of strength
MPRegen 0.10/turn               h - ring of protection from cold

@: no status effects
A: horns 2, retaliatory headbutt
a: no special abilities


You were on level 5 of the Dungeon.
You visited 1 branch of the dungeon, and saw 5 of its levels.

You collected 155 gold pieces.

Inventory:

Hand Weapons
 a - a +0 long sword (weapon)
 r - a +2 quarterstaff of chaos
 s - a +2 whip of flaming
 t - a +3 mace
 y - a +0 hand axe of freezing
Missiles
 l - 20 bolts
 u - a throwing net (quivered)
Armour
 c - a +0 buckler
 e - the +2 kite shield of Polish (worn) {Str+4}
   (You acquired it on level 4 of the Dungeon)

   Str:       It affects your strength (+4).
 i - a +0 cloak (worn)
 m - a +0 chain mail (worn)
Magical Staves
 o - a staff of death
 p - a staff of cold
Jewellery
 g - a ring of ice
 h - a ring of protection from cold (right hand)
 j - a +6 ring of strength (left hand)
 w - a ring of see invisible
Wands
 q - a wand of flame (16)
Scrolls
 n - a scroll of blinking
 x - a scroll of identify
Potions
 b - 2 potions of curing
 d - 2 potions of might
 f - a potion of invisibility
 k - a potion of heal wounds
 v - 2 potions of haste


   Skills:
 + Level 5.4 Fighting
 + Level 6.2 Long Blades
 + Level 6.6 Armour
 + Level 0.9 Dodging
 + Level 0.3 Stealth
 + Level 5.0 Shields


You had 6 spell levels left.
You didn't know any spells.
Your spell library was empty.

Dungeon Overview and Level Annotations

Branches:
Dungeon (5/15)
 Temple: D:4-7

Altars:
Fedhas
Kikubaaqudgha

Annotations:
D:5 Menkaure


Innate Abilities, Weirdness & Mutations

You have a pair of horns on your head.
You reflexively headbutt those who attack you in melee.


Message History

You block the water moccasin zombie's attack.
The water moccasin zombie completely misses you.
You furiously retaliate!
You headbutt the water moccasin zombie!
You destroy the water moccasin zombie!
Your Shields skill increases to level 5!
Things that are here:
a +3 mace; a +0 leather armour
t - a +3 mace
Items here: )) [ †.
A white imp comes into view.
Found a runed gilded ring.
The white imp shouts, "Leave, thou worthless nose-picking mammet!"
You hear a shout!
The white imp gestures at you. You block the puff of frost.
Menkaure, Prince of Dust comes into view.
You see here 7 gold pieces.
Menkaure mumbles some strange words.
Menkaure seems to speed up.
You slash the white imp!
You kill the white imp!
Menkaure calls on the powers of darkness!
Your body is wracked with pain!
Menkaure hits you!
* * * LOW HITPOINT WARNING * * *
You block Menkaure's attack.
You hit Menkaure but do no damage. Menkaure hits you!
* * * LOW HITPOINT WARNING * * *
You slash Menkaure!
Menkaure is severely damaged.
Menkaure hits you but does no damage.
Menkaure forgets how to speak, silenced by the ages.
Menkaure hits you but does no damage.
You hit Menkaure but do no damage.
Menkaure is severely damaged.
Menkaure closely misses you.
You hit Menkaure. Your headbutt misses Menkaure.
Menkaure is almost destroyed.
Menkaure closely misses you. Menkaure hits you!
You die...

#...##.......#...>.#
#...#........#.....#
+...#........#......
#...#........#......
#...##.$.....#......
##...##.......#......
#....=........#$.....
#.............###+##.
#...@.........# #.
#..M..........+ #.
#.............# #.
#.............# #.
+.............# #.
##+########### #. #.
#. #.


You could see Menkaure (fast).

Vanquished Creatures
  Edmund (D:4)
  A gnoll sergeant (D:4)
  A water moccasin zombie (D:5)
  An orc priest (D:4)
  Crazy Yiuf (D:2)
  A bullfrog skeleton (D:5)
  3 iguanas (D:4)
  4 orc wizards
  A hound skeleton (D:4)
  Robin (D:2)
  8 gnolls
  2 adders
  A white imp (D:5)
  An adder skeleton (D:4)
  3 dart slugs (D:1)
  7 orcs
  8 ball pythons
  6 endoplasms
  13 goblins
  9 hobgoblins
  6 kobolds
  2 quokkas
  A bat (D:2)
  3 frilled lizards
  7 rats
92 creatures vanquished.

Notes
Turn   | Place    | Note
-------+----------+-------------------------------------------
     0 | D:1      | funkygono the Minotaur Fighter began the quest for the Orb.
     0 | D:1      | Reached XP level 1. HP: 19/19 MP: 0/0
   101 | D:1      | Reached XP level 2. HP: 19/27 MP: 1/1
   434 | D:1      | Found a faded altar of an unknown god.
   437 | D:1      | Reached XP level 3. HP: 33/33 MP: 2/2
   732 | D:2      | Found a runed translucent door.
   733 | D:2      | Noticed Crazy Yiuf
   980 | D:2      | Noticed Robin
  1001 | D:2      | Killed Robin
  1308 | D:2      | Killed Crazy Yiuf
  1309 | D:2      | Reached XP level 4. HP: 33/41 MP: 3/3
  1696 | D:3      | Found an ancient bone altar of Kikubaaqudgha.
  1697 | D:3      | Found a blossoming altar of Fedhas.
  1733 | D:3      | You fall into a shaft and drop 2 floors!
  1733 | D:5      | Entered Level 5 of the Dungeon
  1748 | D:5      | Noticed Edmund
  1788 | D:5      | Noticed a gnoll sergeant
  2078 | D:4      | Reached XP level 5. HP: 19/47 MP: 4/4
  2802 | D:4      | Reached skill level 5 in Armour
  2894 | D:4      | Reached skill level 5 in Fighting
  2894 | D:4      | Reached skill level 5 in Long Blades
  2894 | D:4      | Reached XP level 6. HP: 32/56 MP: 5/5
  3061 | D:4      | HP: 2/56 [gnoll/+0 flail (4)]
  3725 | D:4      | Identified a scroll of acquirement
  3727 | D:4      | Acquired the +2 kite shield of Polish {Str+4}
  4152 | D:4      | Killed Edmund
  4153 | D:4      | Reached XP level 7. HP: 22/61 MP: 6/6
  4467 | D:5      | Reached skill level 5 in Shields
  4511 | D:5      | Noticed Menkaure
  4520 | D:5      | Slain by Menkaure

Illustrated notes

Levels and vault maps discovered:
D:1:      zelgadis_glass_arrival_small, layout_rooms,
          hellmonk_ecumenical_altar_zigzags
D:2:      layout_rooms, uniq_crazy_yiuf_cottage, uniq_robin
D:3:      layout_basic, grunt_temple_overflow_growth_and_decay,
          minmay_misc_feat_doors
D:4:      minmay_angry_zag, layout_loops_ring, grunt_ministairs_9
D:5:      layout_gridville, uniq_edmund, uniq_menkaure

Skill      XL: |  1  2  3  4  5  6  7 |
---------------+----------------------+-----
Shields        | 4 5 |  5.0
Armour         | 4 5 6 |  6.6
Fighting       | 4 5 |  5.4
Long Blades    | 3 4 5 6 |  6.2
Dodging        | |  0.9
Stealth        | |  0.3

Action                   |  1- 3 |  4- 6 |  7- 9 || total
-------------------------+-------+-------+-------++-------
Melee: Long sword        |    82 |   138 |    18 ||   238
       Headbutt          |     7 |    20 |     2 ||    29
  Use: Scroll            |       |    11 |       ||    11
       Potion            |       |     2 |       ||     2
Armor: Scale mail        |    14 |       |       ||    14
       Chain mail        |    25 |    78 |    11 ||   114
Dodge: Dodged            |    39 |    69 |     5 ||   113
Block: Buckler           |    21 |    21 |       ||    42
       Kite shield       |       |    16 |    11 ||    27
